[Event "95th Caplin Hastings Congress"]
[Site "Hastings"]
[Date "2019.12.28"]
[Round "1.44"]
[White "McNally, Richard J E"]
[Black "Butt, Laurence"]
[Result "1/2-1/2"]
[ECO "B06"]
[WhiteElo "1967"]
[BlackElo "1694"]
[Annotator "NA"]
[PlyCount "101"]
[EventDate "2019.12.28"]
[EventType "swiss"]
[EventCountry "ENG"]
[SourceTitle "playchess.com"]
[Source "ChessBase"]
[SourceQuality "1"]
[TimeControl "40/6600+30:3000+30"]

1. e4 Nc6 2. Nc3 g6 3. d4 d6 4. Nge2 Bg7 5. Be3 e5 6. d5 Nce7 7. g3 Bg4 8. Bg2 Qc8 9. h3 Bd7 10. Qd2 b5 11. a4 bxa4 12. Nxa4 f5 13. c4 fxe4 14. c5 Bb5 15. Bxe4 Nf6 16. Bg2 Bxe2 17. Qxe2 O-O 18. Nc3 Nf5 19. O-O Nxe3 20. Qxe3 Rb8 21. Rfb1 Rb3 22. c6 Qf5 23. g4 Qc8 24. Qxa7 h5 25. Qa6 Qb8 26. g5 Ne8 27. Qd3 Rf5 28. Qd2 Rf4 29. Qc2 Rf5 30. h4 Rb4 31. Bh3 Rbf4 32. Bxf5 gxf5 33. Ra4 e4 34. f3 Rxf3 35. Nxe4 fxe4 36. Qxe4 Qb6+ 37. Kh1 Re3 38. Qf5 Qb3 39. Ra3 Qb6 40. Rxe3 Qxe3 41. Qe6+ Qxe6 42. dxe6 Kf8 43. b4 Ke7 44. b5 Kxe6 45. Kg2 d5 46. Re1+ Be5 47. Kf3 d4 48. Rb1 Kf7 49. Ke4 Ke6 50. Kf3 Kf5 51. Rb3 1/2-1/2

[Event "95th Caplin Hastings Congress"]
[Site "Hastings"]
[Date "2019.12.28"]
[Round "1.45"]
[White "Verma, Shlok"]
[Black "Pavlov, Mikhail"]
[Result "0-1"]
[ECO "A59"]
[WhiteElo "1691"]
[BlackElo "1955"]
[Annotator "NA"]
[PlyCount "98"]
[EventDate "2019.12.28"]
[EventType "swiss"]
[EventCountry "ENG"]
[SourceTitle "playchess.com"]
[Source "ChessBase"]
[SourceQuality "1"]
[TimeControl "40/6600+30:3000+30"]

1. d4 Nf6 2. c4 c5 3. d5 b5 4. cxb5 a6 5. bxa6 g6 6. Nc3 Bxa6 7. e4 Bxf1 8. Kxf1 d6 9. Nf3 Nbd7 10. g3 Bg7 11. Kg2 O-O 12. a4 Qb6 13. Qe2 Rfb8 14. Nb5 Ne8 15. Nd2 Qa6 16. Ra3 Nc7 17. Re1 Nxb5 18. axb5 Qb7 19. Rb3 Ra5 20. Nb1 Rxb5 21. Rxb5 Qxb5 22. Qxb5 Rxb5 23. Nc3 Rb3 24. Re3 Bd4 25. Re2 Ne5 26. f4 Nd3 27. Be3 Nxb2 28. Bxd4 cxd4 29. Nb1 Nc4 30. Nd2 Rb2 31. Nxc4 Rxe2+ 32. Kf3 Rc2 33. Na5 Rxh2 34. Nb3 d3 35. Ke3 Rg2 36. Kxd3 Rxg3+ 37. Kc4 Rxb3 38. Kxb3 h5 39. Kb4 h4 40. Kb5 h3 41. Kc6 h2 42. Kd7 Kf8 43. e5 h1=Q 44. exd6 Qxd5 45. f5 Qxd6+ 46. Kc8 gxf5 47. Kb7 Qc5 48. Ka8 Qb5 49. Ka7 Ke8 0-1

[Event "95th Caplin Hastings Congress"]
[Site "Hastings"]
[Date "2019.12.28"]
[Round "1.46"]
[White "Burrows, Nick"]
[Black "Sandhu, Manvith"]
[Result "1-0"]
[ECO "D10"]
[WhiteElo "1952"]
[BlackElo "1673"]
[Annotator "NA"]
[PlyCount "101"]
[EventDate "2019.12.28"]
[EventType "swiss"]
[EventCountry "ENG"]
[SourceTitle "playchess.com"]
[Source "ChessBase"]
[SourceQuality "1"]
[TimeControl "40/6600+30:3000+30"]

1. d4 d5 2. c4 c6 3. cxd5 cxd5 4. Bf4 Nf6 5. e3 Bf5 6. Nc3 Nc6 7. Rc1 e6 8. Qb3 Bb4 9. Bb5 Qa5 10. Bxc6+ bxc6 11. Nge2 Bd3 12. a3 Bxc3+ 13. Qxc3 Qxc3+ 14. Rxc3 Bb5 15. f3 a5 16. b3 Kd7 17. Nc1 h6 18. g4 Ne8 19. h4 f6 20. a4 Ba6 21. Rc5 Bb7 22. h5 Nd6 23. Kd2 Rhc8 24. Nd3 Ba6 25. Rxa5 Nb7 26. Nc5+ Nxc5 27. Rxc5 Bb7 28. Bg3 Ra6 29. Kc3 Rd8 30. Rg1 Rc8 31. Bh2 Rd8 32. Kb2 Rc8 33. Rg2 Rd8 34. Bg3 Rc8 35. Bh2 Rd8 36. Rc1 Rc8 37. Re2 Rd8 38. Rec2 Rc8 39. Rg1 Rd8 40. Ka3 Rda8 41. Bg3 R6a7 42. f4 Rh8 43. Be1 Ra6 44. Rh2 Ke7 45. g5 hxg5 46. fxg5 f5 47. Bg3 Rh7 48. g6 Rh8 49. Be5 Rg8 50. Bxg7 Rxg7 51. h6 1-0

[Event "95th Caplin Hastings Congress"]
[Site "Hastings"]
[Date "2019.12.28"]
[Round "1.47"]
[White "Brouwer, Willem"]
[Black "Spanton, Tim R"]
[Result "0-1"]
[ECO "A14"]
[WhiteElo "1662"]
[BlackElo "1951"]
[Annotator "NA"]
[PlyCount "72"]
[EventDate "2019.12.28"]
[EventType "swiss"]
[EventCountry "ENG"]
[SourceTitle "playchess.com"]
[Source "ChessBase"]
[SourceQuality "1"]
[TimeControl "40/6600+30:3000+30"]

1. Nf3 d5 2. c4 e6 3. g3 Nf6 4. Bg2 Be7 5. O-O O-O 6. b3 c5 7. e3 Nc6 8. d4 b6 9. Bb2 Bb7 10. Nbd2 Rc8 11. a3 Re8 12. Ne5 cxd4 13. Nxc6 Bxc6 14. Bxd4 Bf8 15. f4 dxc4 16. Bxc6 Rxc6 17. Nxc4 Bc5 18. Bxc5 Rxc5 19. Qxd8 Rxd8 20. Rad1 Rcd5 21. Rxd5 Rxd5 22. h3 h5 23. a4 Rd3 24. Rb1 Ne4 25. g4 hxg4 26. hxg4 Nc5 27. a5 b5 28. b4 Ne4 29. Ne5 Rxe3 30. Rb2 Rc3 31. Kg2 Nf6 32. f5 Nd5 33. fxe6 Nf4+ 34. Kf2 Nxe6 35. Ke2 f6 36. Nf3 Nf4+ 0-1

[Event "95th Caplin Hastings Congress"]
[Site "Hastings"]
[Date "2019.12.28"]
[Round "1.48"]
[White "Ortiz Sanchez, Luis"]
[Black "Cresswell, Mike J"]
[Result "1-0"]
[ECO "B05"]
[WhiteElo "1947"]
[BlackElo "1662"]
[Annotator "NA"]
[PlyCount "63"]
[EventDate "2019.12.28"]
[EventType "swiss"]
[EventCountry "ENG"]
[SourceTitle "playchess.com"]
[Source "ChessBase"]
[SourceQuality "1"]
[TimeControl "40/6600+30:3000+30"]

1. e4 Nf6 2. e5 Nd5 3. d4 d6 4. Nf3 Bg4 5. Be2 e6 6. h3 Bh5 7. O-O Be7 8. exd6 cxd6 9. c4 Nf6 10. Nc3 O-O 11. d5 e5 12. Be3 Nbd7 13. Rc1 a6 14. Nd2 Bxe2 15. Qxe2 Rc8 16. f4 Re8 17. Qf2 Nh5 18. Ne2 Nxf4 19. Nxf4 exf4 20. Bxf4 Nf6 21. Kh1 Qd7 22. b3 Bf8 23. Qf3 h6 24. Bxh6 gxh6 25. Qxf6 Re2 26. Rf2 Rce8 27. Qf3 Rxf2 28. Qxf2 Re5 29. Nf3 Re4 30. Rf1 Qe7 31. Nd4 Qe5 32. Qxf7+ 1-0

[Event "95th Caplin Hastings Congress"]
[Site "Hastings"]
[Date "2019.12.28"]
[Round "1.49"]
[White "Kearsley, Raymond J"]
[Black "Barton, R Alan"]
[Result "0-1"]
[ECO "B00"]
[WhiteElo "1624"]
[BlackElo "1945"]
[Annotator "NA"]
[PlyCount "42"]
[EventDate "2019.12.28"]
[EventType "swiss"]
[EventCountry "ENG"]
[SourceTitle "playchess.com"]
[Source "ChessBase"]
[SourceQuality "1"]
[TimeControl "40/6600+30:3000+30"]

1. e4 b6 2. d4 Bb7 3. Nc3 e6 4. Nf3 Bb4 5. Bd3 Nf6 6. Qe2 d5 7. exd5 Nxd5 8. Bd2 Nxc3 9. bxc3 Be7 10. O-O Nd7 11. Rad1 Bf6 12. Bf4 O-O 13. Ne5 g6 14. Bb5 Nb8 15. Rfe1 Bg7 16. Qe3 Qd5 17. Bf1 Nc6 18. Bc4 Qd8 19. Bh6 Nxe5 20. dxe5 Qh4 21. Bg5 Qxc4 0-1

[Event "95th Caplin Hastings Congress"]
[Site "Hastings"]
[Date "2019.12.28"]
[Round "1.50"]
[White "Chapman, Matt"]
[Black "Mineev, Sergey I."]
[Result "1-0"]
[ECO "A48"]
[WhiteElo "1937"]
[BlackElo "1588"]
[Annotator "NA"]
[PlyCount "73"]
[EventDate "2019.12.28"]
[EventType "swiss"]
[EventCountry "ENG"]
[SourceTitle "playchess.com"]
[Source "ChessBase"]
[SourceQuality "1"]
[TimeControl "40/6600+30:3000+30"]

1. d4 Nf6 2. Nf3 g6 3. Bg5 Bg7 4. Nbd2 d6 5. e4 Nc6 6. c3 O-O 7. Bb5 Bd7 8. h3 Qe8 9. Qe2 h6 10. Bh4 Nh5 11. O-O-O Nf4 12. Qf1 g5 13. Bg3 Ng6 14. h4 g4 15. h5 gxf3 16. hxg6 fxg2 17. gxf7+ Qxf7 18. Qxg2 Ne5 19. Bxe5 Bxb5 20. Bxg7 Qxg7 21. Qh2 Kh7 22. Rdg1 Qf6 23. Rg4 Rg8 24. Rh4 Rg6 25. f4 Rag8 26. Nf3 e6 27. f5 exf5 28. exf5 Qxf5 29. Rxh6+ Kg7 30. Rxg6+ Qxg6 31. Rg1 Bd3 32. Rxg6+ Bxg6 33. Nh4 Be4 34. Qf4 Re8 35. Nf5+ Bxf5 36. Qxf5 Re7 37. Qg4+ 1-0

[Event "95th Caplin Hastings Congress"]
[Site "Hastings"]
[Date "2019.12.28"]
[Round "1.51"]
[White "Zheng, Jerry Z"]
[Black "Howell, Oliver W"]
[Result "1/2-1/2"]
[ECO "C06"]
[WhiteElo "1565"]
[BlackElo "1928"]
[Annotator "NA"]
[PlyCount "106"]
[EventDate "2019.12.28"]
[EventType "swiss"]
[EventCountry "ENG"]
[SourceTitle "playchess.com"]
[Source "ChessBase"]
[SourceQuality "1"]
[TimeControl "40/6600+30:3000+30"]

1. e4 e6 2. d4 d5 3. Nd2 Nf6 4. e5 Nfd7 5. Ngf3 c5 6. c3 Nc6 7. Bd3 Qb6 8. O-O cxd4 9. cxd4 Nxd4 10. Nxd4 Qxd4 11. Nf3 Qb6 12. Qa4 Be7 13. Qg4 g6 14. h4 Qb4 15. Qg3 h5 16. Bf4 Nc5 17. a3 Qb3 18. Rfd1 Nxd3 19. Nd4 Qb6 20. Rxd3 Bd7 21. Rc1 O-O 22. Be3 Qa6 23. Rdc3 Rfc8 24. Rc7 Rd8 25. Nb3 b6 26. Bg5 Bxg5 27. Qxg5 Qa4 28. R1c3 Be8 29. Qe7 Rd7 30. Rxd7 Qxd7 31. Qxd7 Bxd7 32. Rc7 Bb5 33. Nd4 Bd3 34. f4 a6 35. Nc6 Bb5 36. Nd4 Bd3 37. Nc6 a5 38. Rb7 b5 39. Kf2 Kf8 40. Ke3 Bf1 41. Kf2 Bc4 42. Nd4 a4 43. Nxb5 Bxb5 44. Rxb5 Ra7 45. Rb4 Ke7 46. Ke3 Kd7 47. Kd4 Kc6 48. Kc3 Kc5 49. g3 Kc6 50. b3 axb3 51. Rxb3 Kc5 52. Kb2 Kc6 53. Rc3+ Kb5 1/2-1/2

[Event "95th Caplin Hastings Congress"]
[Site "Hastings"]
[Date "2019.12.28"]
[Round "1.52"]
[White "Thorpe, Thomas"]
[Black "Dewangan, Aayush"]
[Result "1-0"]
[ECO "B23"]
[WhiteElo "1924"]
[BlackElo "1548"]
[Annotator "NA"]
[PlyCount "145"]
[EventDate "2019.12.28"]
[EventType "swiss"]
[EventCountry "ENG"]
[SourceTitle "playchess.com"]
[Source "ChessBase"]
[SourceQuality "1"]
[TimeControl "40/6600+30:3000+30"]

1. e4 c5 2. Nc3 d6 3. Bb5+ Bd7 4. a4 g6 5. f4 Bg7 6. Nf3 Nc6 7. O-O a6 8. Bc4 e6 9. d3 Nge7 10. Qe1 Nd4 11. Nxd4 Bxd4+ 12. Kh1 Bg7 13. Qg3 O-O 14. f5 gxf5 15. Bg5 f6 16. Bh6 Ng6 17. Bxg7 Kxg7 18. exf5 exf5 19. Qxd6 Qe7 20. Qxe7+ Nxe7 21. Rae1 Nc6 22. Nd5 Ne5 23. Nb6 Rad8 24. Nxd7 Rxd7 25. Be6 Rd4 26. b3 f4 27. Bf5 b5 28. axb5 axb5 29. Ra1 c4 30. c3 Rdd8 31. d4 Ng6 32. bxc4 bxc4 33. Ra4 Rd5 34. Be6 Rg5 35. Rxc4 f3 36. Rxf3 Re8 37. Rc7+ Kh8 38. Rc8 Rxc8 39. Bxc8 Ra5 40. g3 Ne7 41. Be6 Ra6 42. d5 Kg7 43. c4 Ra5 44. Rb3 Ra7 45. Rb6 Ng6 46. c5 h5 47. c6 Ra1+ 48. Kg2 Ra2+ 49. Kg1 Ra1+ 50. Kf2 Ne5 51. c7 Ra2+ 52. Kf1 Ra1+ 53. Ke2 Rc1 54. c8=Q Rxc8 55. Bxc8 Nc4 56. Ra6 Ne5 57. Bf5 Kh6 58. d6 Kg5 59. d7 Nxd7 60. Bxd7 h4 61. gxh4+ Kxh4 62. Rxf6 Kg5 63. Rf1 Kg6 64. Ke3 Kg5 65. Ke4 Kg6 66. Ke5 Kg7 67. Ke6 Kg6 68. Rg1+ Kh5 69. Rg3 Kh6 70. Kf5 Kh7 71. Kf6 Kh8 72. Kf7 Kh7 73. Rh3# {[%emt 0:00:40] Kg7+} 1-0

[Event "95th Caplin Hastings Congress"]
[Site "Hastings"]
[Date "2019.12.28"]
[Round "1.53"]
[White "Kumar, Soham"]
[Black "Byrn, Carsten"]
[Result "1-0"]
[ECO "B44"]
[WhiteElo "1512"]
[BlackElo "1919"]
[Annotator "NA"]
[PlyCount "87"]
[EventDate "2019.12.28"]
[EventType "swiss"]
[EventCountry "ENG"]
[SourceTitle "playchess.com"]
[Source "ChessBase"]
[SourceQuality "1"]
[TimeControl "40/6600+30:3000+30"]

1. e4 c5 2. Nf3 e6 3. d4 cxd4 4. Nxd4 Nf6 5. Bd3 Nc6 6. Be3 d5 7. Nd2 e5 8. N4b3 d4 9. Bg5 a5 10. Nc4 a4 11. Nbd2 b5 12. Na3 b4 13. Nac4 Be7 14. O-O Bg4 15. f3 Be6 16. Qe1 h6 17. Bh4 g5 18. Bg3 Nd7 19. c3 bxc3 20. bxc3 dxc3 21. Nb1 f6 22. Nxc3 Nc5 23. Be2 Bxc4 24. Bxc4 Qd4+ 25. Kh1 Qxc4 26. Nd5 Rb8 27. Rc1 Qd4 28. Bf2 Nd3 29. Bxd4 Nxe1 30. Rxc6 exd4 31. Rxe1 Kf7 32. Rc7 Rhe8 33. g3 Rb2 34. Rd1 Rxa2 35. Rxd4 Kf8 36. Nc3 Ra1+ 37. Kg2 a3 38. Ra4 Rb8 39. Raa7 Bd6 40. Rf7+ Kg8 41. Rg7+ Kh8 42. Nd5 Rf8 43. Rh7+ Kg8 44. Rag7# 1-0

[Event "95th Caplin Hastings Congress"]
[Site "Hastings"]
[Date "2019.12.28"]
[Round "1.54"]
[White "Jukes, Sam"]
[Black "Stoyanov, Boris"]
[Result "1-0"]
[ECO "B27"]
[WhiteElo "1906"]
[BlackElo "1504"]
[Annotator "NA"]
[PlyCount "41"]
[EventDate "2019.12.28"]
[EventType "swiss"]
[EventCountry "ENG"]
[SourceTitle "playchess.com"]
[Source "ChessBase"]
[SourceQuality "1"]
[TimeControl "40/6600+30:3000+30"]

1. e4 c5 2. Nf3 g6 3. h4 Bg7 4. h5 e6 5. d4 gxh5 6. Nc3 cxd4 7. Nxd4 Qb6 8. Ndb5 Bxc3+ 9. bxc3 Nf6 10. Nd6+ Ke7 11. Ba3 Kd8 12. Nxf7+ Ke8 13. Nxh8 Nxe4 14. Qxh5+ Kd8 15. Nf7+ Kc7 16. Qe5+ d6 17. Qxe4 Qa5 18. Bxd6+ Kd7 19. Bb4 Qb6 20. O-O-O+ Kc7 21. Qe5+ 1-0

[Event "95th Caplin Hastings Congress"]
[Site "Hastings"]
[Date "2019.12.28"]
[Round "1.55"]
[White "Kumar, Sanjit S"]
[Black "Jennings, Richard"]
[Result "1-0"]
[ECO "B92"]
[WhiteElo "1501"]
[BlackElo "1903"]
[Annotator "NA"]
[PlyCount "61"]
[EventDate "2019.12.28"]
[EventType "swiss"]
[EventCountry "ENG"]
[SourceTitle "playchess.com"]
[Source "ChessBase"]
[SourceQuality "1"]
[TimeControl "40/6600+30:3000+30"]

1. e4 c5 2. Nf3 d6 3. d4 cxd4 4. Nxd4 Nf6 5. Nc3 a6 6. Be2 e5 7. Nb3 Be7 8. O-O O-O 9. Be3 Be6 10. f4 b5 11. f5 Bxb3 12. axb3 Nbd7 13. Nd5 Nxd5 14. Qxd5 Nf6 15. Qd3 d5 16. exd5 Nxd5 17. c4 Nxe3 18. Qxe3 Qc7 19. Kh1 b4 20. Bf3 Ra7 21. Bd5 Qc5 22. Qxe5 Bd6 23. Qe2 Re7 24. Qg4 Re5 25. Rad1 Rfe8 26. f6 g5 27. Bxf7+ Kxf7 28. Qd7+ Kg6 29. Qg7+ Kh5 30. Qxh7+ Kg4 31. Qh3# 1-0

[Event "95th Caplin Hastings Congress"]
[Site "Hastings"]
[Date "2019.12.28"]
[Round "1.56"]
[White "Faulks, Nick"]
[Black "Ratnesan, Radha"]
[Result "1-0"]
[ECO "C18"]
[WhiteElo "1900"]
[BlackElo "1477"]
[Annotator "NA"]
[PlyCount "81"]
[EventDate "2019.12.28"]
[EventType "swiss"]
[EventCountry "ENG"]
[SourceTitle "playchess.com"]
[Source "ChessBase"]
[SourceQuality "1"]
[TimeControl "40/6600+30:3000+30"]

1. e4 e6 2. d4 d5 3. Nc3 Bb4 4. e5 c5 5. a3 Bxc3+ 6. bxc3 Ne7 7. h4 Qc7 8. h5 cxd4 9. cxd4 Qc3+ 10. Bd2 Qxd4 11. Nf3 Qe4+ 12. Be2 Nf5 13. Kf1 b6 14. Bb5+ Kf8 15. h6 gxh6 16. Bb4+ Kg7 17. g4 Nd4 18. Qxd4 Qxf3 19. Rh5 Ba6 20. a4 Nc6 21. Qd2 f6 22. Ra3 Qxg4 23. Rg3 Qxg3 24. fxg3 Bxb5+ 25. axb5 Nxb4 26. exf6+ Kxf6 27. Qf4+ Ke7 28. Qxb4+ Kd7 29. Rxh6 Rac8 30. Qg4 Rhf8+ 31. Kg1 Rce8 32. Rxh7+ Re7 33. Rxe7+ Kxe7 34. Qb4+ Kf7 35. Qa4 Ra8 36. Qf4+ Ke7 37. Qc7+ Kf6 38. Kg2 a6 39. Qb7 Rd8 40. bxa6 d4 41. a7 1-0

[Event "95th Caplin Hastings Congress"]
[Site "Hastings"]
[Date "2019.12.28"]
[Round "1.57"]
[White "Lakshmi Raja Perumal K"]
[Black "Merriman, James"]
[Result "0-1"]
[ECO "C01"]
[WhiteElo "1492"]
[BlackElo "1895"]
[Annotator "NA"]
[PlyCount "74"]
[EventDate "2019.12.28"]
[EventType "swiss"]
[EventCountry "ENG"]
[SourceTitle "playchess.com"]
[Source "ChessBase"]
[SourceQuality "1"]
[TimeControl "40/6600+30:3000+30"]

1. e4 e6 2. d4 d5 3. Nc3 Nf6 4. exd5 exd5 5. Nf3 c6 6. Be2 Bd6 7. O-O O-O 8. Bd3 Bg4 9. h3 Bh5 10. g4 Bg6 11. Ne2 Qc7 12. Nh4 Be4 13. f3 Bxd3 14. Qxd3 g6 15. Ng2 Re8 16. Bf4 Rxe2 17. Qxe2 Bxf4 18. Ne1 Nbd7 19. Nd3 Re8 20. Qg2 Be3+ 21. Kh1 Bxd4 22. c3 Ne5 23. Nxe5 Bxe5 24. Rad1 Bf4 25. Rfe1 Re5 26. Rxe5 Qd6 27. Re6 Qxe6 28. Kg1 Qe5 29. Kf1 Nd7 30. Re1 Nb6 31. Qe2 Qf6 32. Qe6 Nc4 33. Qe8+ Kg7 34. Re7 Bd6 35. Rd7 Qxf3+ 36. Kg1 Bc5+ 37. Kh2 Qf2+ 0-1

[Event "95th Caplin Hastings Congress"]
[Site "Hastings"]
[Date "2019.12.28"]
[Round "1.58"]
[White "Ruane, Brendan J"]
[Black "Damodaran, Patrick"]
[Result "1/2-1/2"]
[ECO "A05"]
[WhiteElo "1882"]
[BlackElo "1388"]
[Annotator "NA"]
[PlyCount "121"]
[EventDate "2019.12.28"]
[EventType "swiss"]
[EventCountry "ENG"]
[SourceTitle "playchess.com"]
[Source "ChessBase"]
[SourceQuality "1"]
[TimeControl "40/6600+30:3000+30"]

1. e4 c5 2. Nf3 d6 3. g3 Nf6 4. d3 Nc6 5. Bg2 g6 6. c3 Bg7 7. O-O O-O 8. Re1 e5 9. h3 Bd7 10. a3 Qc8 11. Kh2 Qc7 12. b4 cxb4 13. axb4 a6 14. Bb2 h6 15. Nbd2 Nh7 16. Nf1 Ne7 17. Ne3 f5 18. Nd5 Nxd5 19. exd5 Nf6 20. c4 b5 21. Qb3 Rfe8 22. c5 e4 23. Nd4 Kh7 24. c6 Bc8 25. Nxb5 Qb8 26. Nc3 exd3 27. Na4 Qb5 28. Bxf6 Rxe1 29. Rxe1 Bxf6 30. Nb2 d2 31. Rd1 Qe2 32. Nc4 Qxf2 33. Rxd2 Qe1 34. Qd1 Qe7 35. Re2 Qc7 36. Qe1 f4 37. g4 h5 38. Bf3 hxg4 39. hxg4 Rb8 40. Re4 g5 41. Re8 Kg7 42. Kg2 Kf7 43. Rxc8 Rxc8 44. Qe6+ Kg7 45. Nxd6 Rd8 46. Ne8+ Rxe8 47. Qxe8 Be5 48. Qa8 Qb6 49. Qb7+ Qxb7 50. cxb7 Bb8 51. Be2 Kf6 52. Bxa6 Ke5 53. Bc4 Kd4 54. Ba2 Ke3 55. d6 Bxd6 56. Bd5 Kd4 57. Bc6 Ke3 58. b5 Ke2 59. b6 Bb8 60. Bd5 Bd6 61. Bc6 1/2-1/2

[Event "95th Caplin Hastings Congress"]
[Site "Hastings"]
[Date "2019.12.28"]
[Round "1.59"]
[White "Liu, Tianyi"]
[Black "Akeya-Price, Robert"]
[Result "0-1"]
[ECO "B12"]
[WhiteElo "1307"]
[BlackElo "1880"]
[Annotator "NA"]
[PlyCount "70"]
[EventDate "2019.12.28"]
[EventType "swiss"]
[EventCountry "ENG"]
[SourceTitle "playchess.com"]
[Source "ChessBase"]
[SourceQuality "1"]
[TimeControl "40/6600+30:3000+30"]

1. e4 c6 2. d4 d5 3. e5 c5 4. dxc5 e6 5. Be3 Qc7 6. Nf3 Bxc5 7. Bxc5 Qxc5 8. c3 Ne7 9. Be2 Nbc6 10. b4 Qb6 11. b5 Nb8 12. Bd3 Nd7 13. O-O Ng6 14. Re1 O-O 15. Qc2 Nc5 16. a4 Nxd3 17. Qxd3 a6 18. Nbd2 Bd7 19. c4 axb5 20. cxb5 Rfc8 21. Qb3 Qa5 22. Reb1 Rc3 23. Qb4 Rc1+ 24. Rxc1 Qxb4 25. Rc7 Bxb5 26. Rxb7 Qc3 27. Rb1 Bxa4 28. Nf1 h6 29. R7b2 Bc2 30. Rb8+ Rxb8 31. Rxb8+ Kh7 32. Rb7 Nxe5 33. Nxe5 Qxe5 34. Rxf7 Qe1 35. Rf3 Bd1 0-1

[Event "95th Caplin Hastings Congress"]
[Site "Hastings"]
[Date "2019.12.28"]
[Round "1.60"]
[White "Metcalfe, Charlie P"]
[Black "Thatte, Nandinee"]
[Result "1-0"]
[ECO "E92"]
[WhiteElo "1867"]
[BlackElo "1270"]
[Annotator "NA"]
[PlyCount "49"]
[EventDate "2019.12.28"]
[EventType "swiss"]
[EventCountry "ENG"]
[SourceTitle "playchess.com"]
[Source "ChessBase"]
[SourceQuality "1"]
[TimeControl "40/6600+30:3000+30"]

1. d4 Nf6 2. c4 g6 3. Nc3 Bg7 4. e4 d6 5. Nf3 O-O 6. Be2 e5 7. Be3 Ng4 8. Bg5 f6 9. Bh4 g5 10. Bg3 Nh6 11. c5 Nc6 12. cxd6 cxd6 13. dxe5 dxe5 14. Bc4+ Kh8 15. Qxd8 Rxd8 16. h3 b6 17. Bd5 Bb7 18. O-O Ng8 19. Rfd1 Na5 20. b4 Nc6 21. Nb5 Rd7 22. Be6 Re7 23. Nd6 h5 24. Nf7+ Kh7 25. Bf5# 1-0

[Event "95th Caplin Hastings Congress"]
[Site "Hastings"]
[Date "2019.12.29"]
[Round "2.1"]
[White "Cherniaev, Alexander"]
[Black "Howell, David W L"]
[Result "0-1"]
[ECO "A35"]
[WhiteElo "2419"]
[BlackElo "2676"]
[Annotator "RC"]
[PlyCount "76"]
[EventDate "2019.12.28"]
[EventType "swiss"]
[EventCountry "ENG"]
[SourceTitle "playchess.com"]
[Source "ChessBase"]
[SourceQuality "1"]
[TimeControl "40/6600+30:3000+30"]

1. e4 c6 2. c4 d5 3. cxd5 cxd5 4. exd5 Nf6 5. Nc3 Nxd5 6. Nf3 Nc6 7. d4 g6 8. Qb3 Nxc3 9. Bc4 Nd5 10. Bxd5 e6 11. Bxc6+ bxc6 12. O-O f6 13. Be3 Qd5 14. Nd2 Be7 15. Rfc1 Kf7 16. Qc2 Bb7 17. f3 g5 18. Ne4 h5 19. Nc5 Bc8 20. Qb3 g4 21. Qxd5 cxd5 22. Bf4 gxf3 23. gxf3 Kg6 24. b4 e5 25. Be3 Bd6 26. b5 Kf7 27. Nd3 Bh3 28. Kf2 Rhg8 29. Rg1 Bf5 30. Rxg8 Rxg8 31. Rd1 e4 32. Bf4 Ba3 33. fxe4 Bxe4 34. Ke3 Bf5 35. Rb1 Re8+ 36. Kd2 Bg4 37. Rb3 Re2+ 38. Kc3 Rxa2 0-1

[Event "95th Caplin Hastings Congress"]
[Site "Hastings"]
[Date "2019.12.29"]
[Round "2.3"]
[White "Vaishali R"]
[Black "Van den Doel, Erik"]
[Result "0-1"]
[ECO "A12"]
[WhiteElo "2376"]
[BlackElo "2589"]
[Annotator "RC"]
[PlyCount "64"]
[EventDate "2019.12.28"]
[EventType "swiss"]
[EventCountry "ENG"]
[SourceTitle "playchess.com"]
[Source "ChessBase"]
[SourceQuality "1"]
[TimeControl "40/6600+30:3000+30"]

1. Nf3 d5 2. e3 Nf6 3. c4 c6 4. b3 Bf5 5. Bb2 e6 6. Be2 h6 7. O-O Nbd7 8. d3 Be7 9. Nc3 O-O 10. Re1 Bg6 11. Rc1 Re8 12. Rc2 a6 13. Rd2 Bd6 14. a3 e5 15. b4 Qe7 16. cxd5 cxd5 17. Qb3 Nb6 18. d4 exd4 19. Rxd4 Bf5 20. Red1 Rac8 21. a4 Be6 22. a5 Nbd7 23. Qa4 Rc7 24. e4 Ne5 25. Qa1 Nc6 26. R4d2 dxe4 27. Rxd6 exf3 28. Bxf3 Bb3 29. b5 Bxd1 30. Rxd1 Nd4 31. Bd5 Rxc3 32. Bxc3 Ne2+ 0-1

[Event "95th Caplin Hastings Congress"]
[Site "Hastings"]
[Date "2019.12.29"]
[Round "2.4"]
[White "Sengupta, Deep"]
[Black "Merry, Alan B"]
[Result "1-0"]
[ECO "C18"]
[WhiteElo "2564"]
[BlackElo "2420"]
[Annotator "ChessBase"]
[PlyCount "175"]
[EventDate "2019.12.28"]
[EventType "swiss"]
[EventCountry "ENG"]
[SourceTitle "playchess.com"]
[Source "ChessBase"]
[SourceQuality "1"]
[TimeControl "40/6600+30:3000+30"]

1. e4 e6 2. d4 d5 3. Nc3 Bb4 4. e5 c5 5. a3 Bxc3+ 6. bxc3 Qa5 7. Bd2 Qa4 8. h4 Nc6 9. h5 h6 10. Qg4 Rh7 11. Qf4 c4 12. Kd1 Bd7 13. Qh4 f6 14. f4 O-O-O 15. Nf3 Rf8 16. Be2 Nge7 17. Rf1 Kb8 18. Qh3 Ka8 19. Be3 Qa5 20. Kd2 Rhh8 21. Nh4 Rhg8 22. Bg4 fxe5 23. fxe5 Nd8 24. Rxf8 Rxf8 25. Be2 Qb6 26. Qg3 Rg8 27. Qe1 Be8 28. g4 a6 29. Qb1 Qc7 30. Qb2 Nf7 31. Rf1 Qd8 32. Rb1 Bc6 33. Qb6 Qd7 34. Rf1 Nc8 35. Qb4 b6 36. Ng6 a5 37. Qb1 Nh8 38. g5 hxg5 39. Bxg5 Qe8 40. Nh4 Ka7 41. Rf2 Nf7 42. Qg1 Nxg5 43. Qxg5 Ne7 44. Bg4 Bd7 45. Rf3 Ka6 46. Ng6 Nc6 47. Qf4 Nd8 48. Rf2 Bc8 49. Bh3 Bd7 50. Rf3 Bc8 51. Qh4 Nc6 52. Kc1 Bd7 53. Bf1 Bc8 54. Be2 Bd7 55. Rf4 Bc8 56. Kd1 Bd7 57. Ke1 Bc8 58. Kf2 Bd7 59. Kg2 Kb5 60. Rf1 Bc8 61. Bg4 Bd7 62. Kh3 Bc8 63. Qg5 Bd7 64. Kg3 Bc8 65. Qc1 Bd7 66. a4+ Ka6 67. Qa3 Nd8 68. Qd6 Bxa4 69. Ne7 Rh8 70. Ng6 Rg8 71. Ne7 Rh8 72. Rb1 Nc6 73. Qc7 Bb5 74. Ng6 Rg8 75. Nf4 Nd8 76. Nxd5 Qc6 77. Qxc6 Bxc6 78. Nxb6 g6 79. h6 Rh8 80. Nxc4 Rxh6 81. Bxe6 a4 82. d5 g5 83. Bc8+ Bb7 84. Bxb7+ Nxb7 85. e6 Rh4 86. e7 Re4 87. Rb6+ Ka7 88. Rxb7+ 1-0

[Event "95th Caplin Hastings Congress"]
[Site "Hastings"]
[Date "2019.12.29"]
[Round "2.6"]
[White "Willow, Jonah B"]
[Black "Korneev, Oleg"]
[Result "1/2-1/2"]
[ECO "B42"]
[WhiteElo "2355"]
[BlackElo "2524"]
[Annotator "ChessBase"]
[PlyCount "127"]
[EventDate "2019.12.28"]
[EventType "swiss"]
[EventCountry "ENG"]
[SourceTitle "playchess.com"]
[Source "ChessBase"]
[SourceQuality "1"]
[TimeControl "40/6600+30:3000+30"]

1. e4 c5 2. Nf3 e6 3. d4 cxd4 4. Nxd4 a6 5. Bd3 Nf6 6. O-O Qc7 7. Qe2 d6 8. c4 g6 9. Be3 Bg7 10. Nd2 O-O 11. Rfc1 Nc6 12. Nxc6 bxc6 13. Rab1 a5 14. f4 c5 15. Nf3 Bb7 16. Bd2 Rfe8 17. Bc3 e5 18. fxe5 dxe5 19. Nd2 Nh5 20. g3 Bh6 21. Re1 Ng7 22. Nf1 Ne6 23. Ne3 Nd4 24. Bxd4 exd4 25. Nd5 Bxd5 26. cxd5 f5 27. Kg2 fxe4 28. Bxe4 Qd6 29. Qd3 Be3 30. Bf3 a4 31. Qb5 Reb8 32. Qc6 Ra6 33. Qxd6 Rxd6 34. b3 axb3 35. axb3 Rdb6 36. Be2 Rxb3 37. Rxb3 Rxb3 38. d6 Rb6 39. d7 Rd6 40. Bb5 Kg7 41. h4 c4 42. Bxc4 Rxd7 43. Bd3 Ra7 44. Rf1 Ra3 45. Rd1 Ra2+ 46. Kf3 Rf2+ 47. Ke4 Kh6 48. Rf1 Rg2 49. Kf3 Rd2 50. Bc4 Rc2 51. Bd3 Rh2 52. Be2 Kg7 53. Bd3 h5 54. Be2 Kh6 55. Bd3 Rd2 56. Bc4 Kg7 57. Ke4 Bf2 58. Kf3 Rc2 59. Rxf2 Rxc4 60. Ke4 g5 61. Rf5 gxh4 62. Rxh5 hxg3 63. Rg5+ Kf6 64. Rxg3 {[%emt 0:00:00] Ke5+} 1/2-1/2